 Dungeon Crawl Stone Soup version 0.19.4-10-g532645f (webtiles) character file.

398 Magnus the Insei (level 6, -5/46 HPs)
             Began as a Demigod Transmuter on Feb 25, 2017.
             Killed by divine providence
             ... invoked by an orc priest
              (15 damage)
             ... on level 3 of the Dungeon.
             The game lasted 00:11:05 (5200 turns).

Magnus the Insei (Demigod Transmuter)               Turns: 5200, Time: 00:11:06

Health: -5/46      AC:  2    Str: 13    XL:     6   Next: 27%
Magic:  17/20      EV: 20    Int: 17    God:
Gold:   166        SH:  0    Dex: 25    Spells: 3 memorised, 0 levels left

rFire  . . .     SeeInvis .       - Unarmed
rCold  . . .     Gourm    .     (armour currently unavailable)
rNeg   . . .     Faith    .     (shield currently unavailable)
rPois  x         Spirit   .     (helmet currently unavailable)
rElec  .         Reflect  .     (cloak currently unavailable)
rCorr  +         Harm     .     (gloves currently unavailable)
MR     +....                    (boots currently unavailable)
Stlth  ++........               t - amulet of regeneration
                                w - ring of magical power
                                i - ring of resist corrosion

@: spider-form (expiring), very slightly contaminated
A: high mp 1, magic resistance 1
a: End Transformation


You were on level 3 of the Dungeon.
You were very hungry.
You were a venomous arachnid creature.
You visited 1 branch of the dungeon, and saw 4 of its levels.

You collected 166 gold pieces.

Inventory:

Missiles
 a - 93 arrows
Armour
 b - a +0 robe (melded)
Jewellery
 i - a ring of resist corrosion (left front leg)
 t - an amulet of regeneration (around neck)
 w - a ring of magical power (right front leg)
 x - an uncursed amulet of guardian spirit
Scrolls
 l - a scroll of teleportation
 p - a scroll of immolation
 v - 2 scrolls of remove curse
Potions
 g - 2 potions of curing
 h - a potion of berserk rage
 m - a potion of invisibility
 o - a potion of agility
 q - a potion of might
 r - a potion of heal wounds
Books
 c - a book of Changes

   Spells                             Type                      Level
   a - Beastly Appendage              Transmutation                1
   b - Sticks to Snakes               Transmutation                2
   c - Spider Form                    Transmutation/Poison         3
   d - Ice Form                       Ice/Transmutation            4
   e - Blade Hands                    Transmutation                5
Comestibles
 d - a bread ration
 j - a beef jerky
 n - a slice of pizza
 u - 3 fruits


   Skills:
 - Level 0.8 Fighting
 - Level 1.7 Dodging
 + Level 5.1 Unarmed Combat
 - Level 1.7 Spellcasting
 + Level 4.6 Transmutations


You couldn't memorise any spells.
You knew the following spells:

 Your Spells              Type           Power        Failure   Level  Hunger
a - Beastly Appendage     Tmut           ###...       10%         1    #......
b - Spider Form           Tmut/Pois      #.........   45%         3    ###....
c - Ice Form              Ice/Tmut       #.......     93%         4    #####..


Dungeon Overview and Level Annotations

Branches:
Dungeon (4/15)
 Temple: D:4-7


Innate Abilities, Weirdness & Mutations

You have an increased reservoir of magic. (+10% MP)
You are resistant to hostile enchantments. (MR+)


Message History

The orc wizard looks as sick as possible!
The orc wizard is severely wounded.
The orc priest mumbles some strange prayers to Beogh against you.
Beogh smites you!
* * * LOW HITPOINT WARNING * * *
The orc wizard closely misses you.
You hit the orc wizard.
The orc wizard looks as sick as possible!
The orc wizard is almost dead.
You kill the orc wizard!
You hit the orc priest.
The orc priest is poisoned.
The orc priest is lightly wounded.
The orc priest barely misses you.
Unknown command.
You hit the orc priest but do no damage.
The orc priest looks as sick as possible!
The orc priest is moderately wounded.
The orc priest mumbles some strange prayers to Beogh against you.
Beogh smites you!
You die...

....# #.# #..#.#
#.# #.# ....#
#.# ##.#.# #.#
#.# ....#
#.####...#####.#
#.# ....#
#..............#
#.# ....#
#######.>#######
#.# ....# ##.###
#.# ....# #.oo#
#.# ....# ###o#
#.# ##### #s#
#.# #.# #.# #.#
#.# #.# #.# #.#
#.# #.# #.# #.#
#.# #.# #.# #.#
#.#


You could see an orc priest and 2 orcs.

Vanquished Creatures
  An ogre (D:2)
  A hound (D:3)
  An orc priest (D:3)
  An orc wizard (D:3)
  Jessica (D:2)
  Ijyb (D:2)
  Terence (D:2)
  7 adders
  2 worms (D:2)
  3 leopard geckos
  8 orcs (D:3)
  4 giant cockroaches
  5 goblins
  10 hobgoblins
  5 jackals
  6 kobolds
  A quokka (D:2)
  3 ball pythons
  6 bats
  3 frilled lizards
  8 rats
78 creatures vanquished.

Notes
Turn   | Place    | Note
-------+----------+-------------------------------------------
     0 | D:1      | Magnus the Demigod Transmuter began the quest for the Orb.
     0 | D:1      | Reached XP level 1. HP: 15/15 MP: 5/5
   625 | D:1      | Found an iron altar of Okawaru.
   627 | D:1      | Reached skill level 3 in Unarmed Combat
   627 | D:1      | Reached XP level 2. HP: 22/22 MP: 7/7
  1079 | D:2      | Noticed Terence
  1118 | D:2      | Noticed Ijyb
  1134 | D:2      | Killed Ijyb
  1134 | D:2      | Reached XP level 3. HP: 18/27 MP: 8/8
  1238 | D:2      | Learned a level 3 spell: Spider Form
  1518 | D:2      | Noticed Jessica
  1530 | D:2      | Killed Jessica
  1530 | D:2      | Reached XP level 4. HP: 29/34 MP: 2/9
  2509 | D:2      | Killed Terence
  2509 | D:2      | Reached skill level 4 in Unarmed Combat
  3195 | D:2      | Noticed an ogre
  3201 | D:2      | Killed an ogre
  3201 | D:2      | Reached XP level 5. HP: 34/39 MP: 6/10
  4061 | D:3      | Reached XP level 6. HP: 43/46 MP: 7/11
  4381 | D:3      | Reached skill level 5 in Unarmed Combat
  5039 | D:4      | Learned a level 4 spell: Ice Form
  5173 | D:3      | Gained mutation: You are resistant to hostile enchantments. (MR+) [potion of beneficial mutation]
  5200 | D:3      | Killed from afar by an orc priest

Skill      XL: |  1  2  3  4  5  6 |
---------------+-------------------+-----
Transmutations | 2 3 4 |  4.6
Unarmed Combat | 3 4 5 |  5.1
Fighting       | |  0.8
Dodging        | |  1.7
Spellcasting   | |  1.7

Action                   |  1- 3 |  4- 6 || total
-------------------------+-------+-------++-------
Melee: Unarmed           |    91 |   240 ||   331
       Headbutt          |     3 |       ||     3
       Punch             |     2 |     4 ||     6
       Kick              |       |     3 ||     3
 Cast: Beastly Appendage |     1 |     1 ||     2
       Spider Form       |     1 |    10 ||    11
  Use: Scroll            |       |    11 ||    11
       Potion            |       |     2 ||     2
 Stab: Sleeping          |     1 |     2 ||     3
       Distracted        |       |     1 ||     1
  Eat: Chunk             |     1 |    13 ||    14
Armor: Robe              |    13 |    27 ||    40
       Skin              |       |     4 ||     4
Dodge: Dodged            |    48 |   138 ||   186
